 Dungeon Crawl Stone Soup version 0.26.0-57-g60708a5e39 (webtiles) character file.

Game seed: 14667099793764167814

6992 DearestLeader the Cleaver (level 10, -2/81 HPs)
             Began as a Minotaur Fighter on Feb 2, 2021.
             Was an Elder of Okawaru.
             Slain by a komodo dragon (14 damage)
             ... on level 8 of the Dungeon.
             The game lasted 00:17:23 (9792 turns).

DearestLeader the Cleaver (Minotaur Fighter)        Turns: 9792, Time: 00:17:24

Health: -2/81      AC: 18    Str: 24    XL:     10   Next: 81%
Magic:  13/13      EV:  6    Int:  5    God:    Okawaru [****..]
Gold:   649        SH:  9    Dex: 10    Spells: 9/9 levels left

rFire    + + .     SeeInvis .   b - +4 war axe
rCold    + . .     Faith    .   c - +0 kite shield
rNeg     . . .     Spirit   .   D - +0 plate armour
rPois    .         Reflect  .   (helmet restricted)
rElec    .         Harm     .   f - scarf {rC+ rF+}
rCorr    +         Rampage  +   (no gloves)
Will     .....                  G - +2 pair of boots {rampage}
Stlth    ..........             (no amulet)
HPRegen  0.23/turn              y - ring of resist corrosion
MPRegen  0.13/turn              x - ring of protection from fire

@: no status effects
A: retaliatory headbutt, horns 2
a: Renounce Religion, Heroism


You were on level 8 of the Dungeon.
You worshipped Okawaru.
Okawaru was greatly pleased with you.
You visited 3 branches of the dungeon, and saw 12 of its levels.
You also visited: Bailey.

You collected 649 gold pieces.

Inventory:

Hand Weapons
 a - a +0 war axe
 b - a +4 war axe (weapon)
 i - a +0 halberd
 q - a +3 morningstar
 s - a +0 battleaxe
Armour
 c - a +0 kite shield (worn)
 f - a scarf of resistance (worn)
 h - a +0 pair of boots
 v - a +0 cloak
 D - a +0 plate armour (worn)
 G - a +2 pair of boots of rampaging (worn)
Jewellery
 k - an uncursed amulet of faith
 t - a +6 ring of intelligence
 x - a ring of protection from fire (right hand)
 y - a ring of resist corrosion (left hand)
 C - a +6 ring of intelligence
Wands
 A - a wand of flame (17)
 H - a wand of polymorph (9)
Scrolls
 g - 3 scrolls of amnesia {unknown}
 m - 3 scrolls of enchant weapon
 o - 2 scrolls of teleportation
 r - 3 scrolls of fog
 w - 4 scrolls of enchant armour
 z - a scroll of acquirement {unknown}
 E - a scroll of remove curse
 I - a scroll of random uselessness {unknown}
 J - a scroll of identify
Potions
 d - 5 potions of might
 e - 5 potions of mutation
 j - 3 potions of flight
 l - 3 potions of berserk rage {unknown}
 n - a potion of cancellation
 p - 3 potions of haste
 u - a potion of invisibility {unknown}
 B - 4 potions of curing {unknown}
 F - a potion of brilliance {unknown}


   Skills:
 + Level 5.2 Fighting
 * Level 12.9(13.6) Axes
 - Level 7.5(11.2) Maces & Flails
 + Level 10.3 Armour
 - Level 3.0 Dodging
 - Level 4.0 Shields
 + Level 5.3 Invocations


You had 9 spell levels left.
You didn't know any spells.
Your spell library contained the following spells:

 Spells                   Type           Power        Failure   Level
 Animate Skeleton         Necr           0%           100%        1
 Pain                     Necr           0%           100%        1
 Vampiric Draining        Necr           0%           100%        3
 Animate Dead             Necr           0%           100%        4
 Agony                    Necr           0%           100%        5


Dungeon Overview and Level Annotations

Branches:
Dungeon (10/15)            Temple (1/1) D:7            Lair (1/6) D:8
    Orc (0/2) D:10         Bailey (visited)

Altars:
Ashenzari
Cheibriados
Elyvilon
Fedhas
Gozag
Hepliaklqana
Makhleb
Okawaru
Ru
Sif Muna
Trog
Uskayaw
Vehumet
Wu Jian
Xom
Yredelemnul
The Shining One

Annotations:
D:8 3 runed translucent doors


Innate Abilities, Weirdness & Mutations

You reflexively headbutt those who attack you in melee.
You have a pair of horns on your head.


Message History

* * * LOW HITPOINT WARNING * * *
You completely miss the komodo dragon. Your headbutt misses the komodo dragon.
The komodo dragon is moderately wounded.
You hit the komodo dragon. Your headbutt misses the komodo dragon.
The komodo dragon is moderately wounded.
The komodo dragon barely misses you.
You hit the komodo dragon but do no damage.
The komodo dragon is moderately wounded.
You block the komodo dragon's attack.
You slash the komodo dragon!
The komodo dragon is severely wounded.
You block the komodo dragon's attack.
You slash the komodo dragon!
The komodo dragon is almost dead.
The komodo dragon bites you.
* * * LOW HITPOINT WARNING * * *
You closely miss the komodo dragon.
The komodo dragon is almost dead.
The komodo dragon bites you!
You die...

#.# #..... #.# #.####
##########.# #.##..
###........#.# #.##.#
###.....####...# #.##.#
##.........####.# #.##.#
##........P..###.# #.##.#
##..........P..##.# #.##.#
#.......>......l@.# #.##.#
#..........P...#### #.#..#
#.#..P.)......##############.##.#
#.##.........## #............##.#
#.####.....### #.#############.#
#.#####..### #.#.............#
#.......## #.#.#############
#######)# #.#.############# #)#
#.#..............


You could see a komodo dragon.

Vanquished Creatures
  A hydra (D:8)
  A two-headed ogre (D:8)
  Prince Ribbit (D:7)
  A yak (D:8)
  A basilisk (D:8)
  2 humans (D:8)
  2 wyverns (D:8)
  A soldier ant (D:8)
  A water moccasin (D:7)
  8 orc warriors
  2 sky beasts
  2 ice beasts
  3 phantoms
  A black bear (D:8)
  3 ogres
  2 centaurs
  A wyvern zombie (D:10)
  5 bullfrogs
  A scorpion (D:10)
  A wyvern skeleton (D:6)
  4 wights (D:6)
  5 killer bees (D:8)
  3 howler monkeys
  A crimson imp (D:4)
  A bullfrog zombie (D:10)
  A bullfrog skeleton (D:6)
  7 hounds
  12 orc wizards
  6 orc priests
  Crazy Yiuf (D:7)
  A gnoll shaman (D:6)
  A centaur skeleton (D:6)
  Jessica (D:3)
  Natasha (D:2)
  An iguana (D:6)
  Ijyb (D:3)
  4 worker ants
  Terence (D:3)
  A killer bee zombie (D:8)
  2 worker ant zombies (D:5)
  4 gnolls (D:6)
  6 adders
  5 white imps
  3 shadow imps
  2 ufetubi
  An ooze (D:1)
  3 adder skeletons
  2 worms
  2 dart slugs (D:1)
  5 leopard geckos
  86 orcs
  2 ball pythons
  6 bats
  3 giant cockroaches (D:1)
  6 goblins
  6 hobgoblins
  6 jackals
  12 kobolds
  6 quokkas
  3 frilled lizards
  A jackal skeleton (D:4)
  A quokka zombie (D:9)
  4 rats
270 creatures vanquished.

Vanquished Creatures (others)
  A plant (D:6)
1 creature vanquished.

Grand Total: 271 creatures vanquished

Notes
Turn   | Place    | Note
-------+----------+-------------------------------------------
     0 | D:1      | DearestLeader the Minotaur Fighter began the quest for the
                  | Orb.
     0 | D:1      | Reached XP level 1. HP: 19/19 MP: 0/0
   302 | D:1      | Reached skill level 3 in Axes
   302 | D:1      | Reached XP level 2. HP: 22/26 MP: 1/1
   861 | D:2      | Reached XP level 3. HP: 33/33 MP: 2/2
   917 | D:2      | Found a hide-covered altar of Uskayaw.
  1056 | D:2      | Reached skill level 4 in Axes
  1066 | D:2      | Noticed Natasha
  1070 | D:2      | Killed Natasha
  1071 | D:2      | Reached XP level 4. HP: 40/40 MP: 3/3
  1454 | D:3      | Noticed Jessica
  1458 | D:3      | Killed Jessica
  1459 | D:3      | Reached skill level 5 in Axes
  1540 | D:3      | You fall into a shaft and drop 2 floors!
  1540 | D:5      | Entered Level 5 of the Dungeon
  1547 | D:5      | Reached XP level 5. HP: 44/46 MP: 4/4
  1571 | D:5      | Noticed a phantom
  1751 | D:3      | Reached skill level 6 in Axes
  1760 | D:3      | Noticed Terence
  1765 | D:3      | Killed Terence
  1860 | D:3      | Reached skill level 7 in Axes
  1860 | D:3      | Reached XP level 6. HP: 26/52 MP: 5/5
  2590 | D:3      | Noticed Ijyb
  2636 | D:3      | Killed Ijyb
  3145 | D:5      | Reached skill level 8 in Axes
  3231 | D:5      | Reached XP level 7. HP: 49/59 MP: 6/6
  3524 | D:5      | Reached skill level 5 in Armour
  4140 | D:6      | Reached skill level 5 in Maces & Flails
  4202 | D:6      | Found a shimmering altar of Xom.
  4214 | D:6      | Reached XP level 8. HP: 62/66 MP: 7/7
  4649 | D:6      | Reached skill level 1 in Dodging
  4996 | D:6      | Found a snail-covered altar of Cheibriados.
  4997 | D:6      | Found a radiant altar of Vehumet.
  5161 | D:7      | Found a staircase to the Ecumenical Temple.
  5169 | Temple   | Entered the Ecumenical Temple
  5181 | Temple   | Became a worshipper of Warmaster Okawaru
  5558 | D:7      | Found a runed translucent door.
  5559 | D:7      | Noticed Crazy Yiuf
  5566 | D:7      | Killed Crazy Yiuf
  5730 | D:7      | Noticed Prince Ribbit
  5733 | D:7      | Killed Prince Ribbit
  5734 | D:7      | Reached skill level 9 in Axes
  5734 | D:7      | Reached XP level 9. HP: 59/71 MP: 8/8
  5739 | D:7      | Reached * piety under Okawaru
  6170 | D:8      | Noticed a two-headed ogre
  6173 | D:8      | Reached skill level 1 in Invocations
  6182 | D:8      | Killed a two-headed ogre
  6183 | D:8      | Reached skill level 10 in Axes
  6194 | D:8      | Noticed a five-headed hydra
  6208 | D:8      | Killed a five-headed hydra
  6208 | D:8      | Reached ** piety under Okawaru
  6209 | D:8      | Reached skill level 11 in Axes
  6245 | D:8      | Reached XP level 10. HP: 35/78 MP: 11/11
  6486 | D:8      | Found a runed translucent gate.
  6486 | D:8      | Found a runed translucent gate.
  6486 | D:8      | Found a runed translucent gate.
  6488 | D:8      | Noticed a red ugly thing
  6488 | D:8      | Noticed a cyan ugly thing
  6729 | D:8      | Found a sacrificial altar of Ru.
  7011 | D:8      | Found an iron altar of Okawaru.
  7023 | D:8      | Reached *** piety under Okawaru
  7225 | D:8      | Found a staircase to the Lair.
  7244 | D:8      | Reached skill level 12 in Axes
  7551 | D:8      | Found a blossoming altar of Fedhas.
  7755 | D:9      | Found a white marble altar of Elyvilon.
  7917 | D:9      | Found an opulent altar of Gozag.
  8236 | D:10     | Entered Level 10 of the Dungeon
  8309 | D:10     | Reached skill level 10 in Armour
  8335 | D:10     | Found a flagged portal.
  8346 | Bailey   | Entered a bailey
  8601 | Bailey   | Reached skill level 5 in Invocations
  8856 | Bailey   | Noticed an orc knight
  9114 | D:10     | Reached **** piety under Okawaru
  9245 | D:10     | Reached skill level 5 in Fighting
  9353 | D:10     | Found a staircase to the Orcish Mines.
  9757 | Lair:1   | Entered Level 1 of the Lair of Beasts
  9762 | Lair:1   | Noticed an eight-headed hydra
  9792 | D:8      | Slain by a komodo dragon

Illustrated notes

Levels and vault maps discovered:
D:1:      enne_arrival_octagon_isle, layout_basic
D:2:      layout_rooms, eat_drink_and_be_merry_uskayaw, serial_curves,
          eino_curves_03, eino_curves_04, uniq_natasha
D:3:      layout_basic, minmay_misc_feat_plants, minmay_between, uniq_jessica,
          uniq_ijyb, uniq_terence
D:4:      layout_rooms, minivault_14, minmay_fire_ice_demons
D:5:      layout_loops_ring, minmay_diced_spiral
D:6:      corexii_shack_village, layout_loops_cross, grunt_temple_overflow_open,
          lemuel_altar_in_water
D:7:      layout_basic, minmay_temple_entry_mini_moons, minmay_misc_feat_iff,
          grunt_ministairs_7, uniq_crazy_yiuf_cottage, uniq_prince_ribbit1
D:8:      lemuel_ice_spiral_2, layout_basic, kennysheep_mini,
          nicolae_ru_sacrificial_ziggurat, david_lair_generic,
          ploomutoo_gammafunk_ghost_potion_laboratory, okawaru_humans
D:9:      layout_rooms, marbit_many_paths, minmay_misc_feat_nine_boxes,
          chequers_serial_rivers_small_b, elyvilon_altar_4
D:10:     layout_big_octagon, hiddenorc2_lemuel, enter_bailey_2
Temple:   eino_temple_rhombus
Lair:1:   layout_small_grid, amcnicky_altar_lugonu_corruption,
          grunt_megastairs_2

Skill      XL: |  1  2  3  4  5  6  7  8  9 10 |
---------------+-------------------------------+-----
Axes           | 3 4 5 7 8 9 11 12 | 12.9
Armour         | 4 6 7 9 10 | 10.3
Shields        | 4 |  4.0
Fighting       | 4 5 |  5.2
Maces & Flails | 2 5 7 |  7.5
Dodging        | 3 |  3.0
Invocations    | 3 5 |  5.3

Action                   |  1- 3 |  4- 6 |  7- 9 | 10-12 || total
-------------------------+-------+-------+-------+-------++-------
Melee: War axe           |    60 |    80 |   115 |   289 ||   544
       Headbutt          |     9 |    20 |    39 |    47 ||   115
       Morningstar       |       |    65 |   130 |       ||   195
       Unarmed           |       |    20 |       |       ||    20
Invok: Heroism           |       |       |     1 |       ||     1
Evoke: Wand              |       |       |       |     1 ||     1
  Use: Scroll            |       |     5 |       |     9 ||    14
       Potion            |       |       |     5 |       ||     5
Armor: Scale mail        |    33 |    50 |       |       ||    83
       Chain mail        |       |    18 |    31 |       ||    49
       Plate armour      |       |       |    91 |   141 ||   232
Dodge: Dodged            |    14 |    45 |    50 |    71 ||   180
Block: Kite shield       |    33 |    61 |   119 |   140 ||   353
